Cogmind - Beta 16 @@@ ROGUE MODE // 2025.10.26 @ 13:29:52 Player: BertMcSee Result: Destroyed by B-75 Beast with Heavy Plasma Cannon Performance ------------- Evolutions (5) 2500 Regions Visited (12) 2400 Robots Destroyed (92) 460 Value Destroyed (2519) 2519 Prototype IDs (6) 120 Alien Tech Used (0) 0 Bonus (-43) -43 TOTAL SCORE: 7956 Bonus ------- High Alert Combat Kills 73 Follower Combat Kills 178 Friendly Fire -294 Cogmind --------- Core Integrity 0/1000 Matter 300/300 Energy 99/100 System Corruption 9% Temperature Cool (12) Movement Core (50) Location -5/Extension Parts ------- > --- POWER (2) -------- (None) > --- PROPULSION (4) --- (None) > --- UTILITY (7) ------ (None) > --- WEAPON (4) ------- (None) > --- INVENTORY (5) ---- Microactuators Fire Trap Peak State ------------ > --- POWER ------------ Improved Deuterium Engine Micro Fission Core > --- PROPULSION ------- Nuclear Pulse Thruster Nuclear Pulse Thruster Nuclear Pulse Thruster Field Propulsion Drive > --- UTILITY ---------- Advanced Signal Interpreter Advanced Terrain Scanner Advanced Terrain Scan Processor Advanced Terrain Scan Processor Advanced Terrain Scan Processor Microactuators Microactuators > --- WEAPON ----------- Tesla Rifle Beamcaster Tearclaws > --- INVENTORY -------- Armored Wheel Heart of Steel Fire Trap [Rating: 84] Favorites ----------- Power Micro Nuclear Core Engine Angular Momentum Engine Power Core Micro Nuclear Core Reactor Antimatter Reactor Propulsion Aluminum Leg Leg Aluminum Leg Wheel Armored Wheel Hover Unit Antigrav System Flight Unit Nuclear Pulse Thruster Utility Improved Terrain Scan Processor Device Seismic Detector Storage Small Storage Unit Processor Improved Terrain Scan Processor Protection Hardened Medium Armor Plating Weapon Heavy Battle Rifle Energy Gun Beamcaster Energy Cannon Particle Cannon Ballistic Gun Heavy Battle Rifle Launcher Heavy Rocket Launcher Special Weapon Improved Remote Datajack Slashing Weapon Tearclaws Build | -11 -10 -10 -9 -8 -7 -7 -7 -6 -6 -6 -5 -5 ------- Run | Yrd Mat Min Mat Mat Fac Was Fac Fac Low Low Fac Ext Slots Evolved 10 | . . . 2 2 2 . . 2 . . 2 . Power 1 | . . . . . . . . 1 . . . . Propulsion 2 | . . . . 1 1 . . . . . . . Utility 5 | . . . 2 1 . . . . . . 2 . Weapon 2 | . . . . . 1 . . 1 . . . . Parts Attached 113 | 8 . 2 27 6 . 10 9 18 16 3 10 4 Power 21 | 2 . 1 5 2 . 1 3 2 1 1 2 1 Engine 15 | 2 . 1 5 2 . . 1 1 1 1 . 1 Core 5 | . . . . . . . 2 1 . . 2 . Reactor 1 | . . . . . . 1 . . . . . . Propulsion 29 | 2 . . 7 3 . . . 7 3 . 5 2 Treads . | . . . . . . . . . . . . . Leg 17 | 2 . . 7 3 . . . 3 1 . . 1 Wheel 7 | . . . . . . . . 4 2 . . 1 Hover 1 | . . . . . . . . . . . 1 . Flight 4 | . . . . . . . . . . . 4 . Utility 38 | 2 . . 8 1 . 6 6 5 6 1 2 1 Device 22 | 1 . . 4 . . 1 5 4 5 1 . 1 Storage 3 | 1 . . 2 . . . . . . . . . Processor 8 | . . . 2 1 . . 1 1 1 . 2 . Hackware . | . . . . . . . . . . . . . Protection 5 | . . . . . . 5 . . . . . . Artifact . | . . . . . . . . . . . . . Weapon 25 | 2 . 1 7 . . 3 . 4 6 1 1 . Energy Gun 6 | . . . 4 . . . . . 1 . 1 . Energy Cannon 2 | . . . 1 . . . . . 1 . . . Ballistic Gun 11 | 2 . . 2 . . 3 . 2 2 . . . Ballistic Cannon . | . . . . . . . . . . . . . Launcher 3 | . . 1 . . . . . 1 1 . . . Special Weapon 2 | . . . . . . . . 1 1 . . . Impact Weapon . | . . . . . . . . . . . . . Slashing Weapon 1 | . . . . . . . . . . 1 . . Piercing Weapon . | . . . . . . . . . . . . . Special Melee Weapon . | . . . . . . . . . . . . . Unidentified Prototypes 6 | . . . 3 . . 1 . 1 . . . 1 Parts Lost 33 | . . . 6 . . . 3 5 10 . 8 1 Power 4 | . . . . . . . 1 . 2 . 1 . Propulsion 4 | . . . . . . . . 1 . . 2 1 Utility 14 | . . . 3 . . . 2 3 4 . 2 . Weapon 11 | . . . 3 . . . . 1 4 . 3 . Highest Loss Streak 7 | . . . 2 . . . 2 2 3 . 7 1 To Critical Strikes 1 | . . . . . . . . . 1 . . . Average Backups 4 | . 4 6 6 5 5 2 4 4 1 2 2 . Power 1 | . 1 1 1 . . . 1 1 . . . . Propulsion 1 | . 2 2 1 2 3 . . . . . . . Utility . | . . . . . . . . . . 1 . . Weapon 1 | . . 2 2 2 2 1 2 1 . . . . Tool/Special . | . . . . . . . . . . . . . Unused Backups 16 | . . 3 3 . 1 4 2 2 . . 1 . Power 1 | . . . . . . . 1 . . . . . Propulsion 3 | . . 2 1 . . . . . . . . . Utility 1 | . . . . . . . . . . . 1 . Weapon 10 | . . 1 2 . 1 4 1 1 . . . . Tool/Special 1 | . . . . . . . . 1 . . . . Average Slot Usage (%) 79 | . 100 100 86 44 . 47 90 86 78 86 81 27 Engine 7 | . 14 14 11 5 . . 3 6 5 6 4 . Core 2 | . . . . . . . 2 6 5 6 5 2 Leg 17 | . 28 28 21 11 . 11 23 17 13 13 3 . Device 14 | . 14 14 16 3 . 3 18 17 12 20 16 2 Storage 4 | . 14 14 11 3 . . . . . . . . Processor 8 | . . . 4 11 . . 5 11 15 13 17 10 Protection 1 | . . . . . . 12 11 . . . . . Energy Gun 2 | . . . 4 3 . . . . 2 6 7 . Energy Cannon 2 | . . . 8 . . . . . . . . . Ballistic Gun 14 | . 28 21 6 3 . 14 23 25 13 6 2 . Launcher 1 | . . 6 1 . . . . . 3 . . . Peak Build Rating 84 | 7 7 10 30 19 . 38 38 68 71 70 84 66 Average Rating 37 | 5 7 9 22 8 . 21 33 52 60 69 73 29 On Entrance 27 | . 7 7 10 17 . . 38 35 59 68 70 46 Avg Prop Armor Cover (%) 6 | . . . . . . . . 6 7 4 4 10 Naked Turns 781 | . . . . 110 447 82 . . . . . 142 Heaviest Build 54 | 14 14 17 36 18 . 54 54 50 47 42 42 15 Greatest Support 72 | 20 20 20 26 30 3 42 42 72 72 57 51 15 Greatest Overweight (x) 13 | . . . 3 1 . 2 1 3 13 . 13 2 Average Overweight (x) . | . . . . . . . . . . . . . Largest Inventory Capacity 15 | 8 8 8 15 8 5 5 5 5 5 5 5 5 Average Capacity 6 | 6 8 8 8 6 5 5 5 5 5 5 5 5 Most Carried 8 | 1 7 8 8 6 5 5 5 5 5 5 5 4 Average Carried 4 | . 4 7 6 5 5 2 4 4 3 5 4 1 Final Capacity 8 | 8 8 8 8 5 5 5 5 5 5 5 5 5 Final Carried 8 | 1 7 8 7 5 5 2 5 4 5 5 5 2 Class Distribution -------------------- 39% | Mutant 18% | Tank 16% | Scavenger-Skirmisher 6% | Derelict-Skirmisher 5% | Derelict-Gladiator 4% | Derelict-Mutant 3% | Scavenger-Mutant Dominant Class ---------------- Mutant | -10/Materials Mutant | -10/Mines Mutant | -9/Materials Mutant | -8/Materials Mutant | -7/Factory Tank | -7/Waste Scavenger-Skirmisher | -7/Factory Scavenger-Skirmisher | -6/Factory Tank | -6/Lower Caves Derelict-Gladiator | -6/Lower Caves Derelict-Gladiator | -5/Factory Mutant | -5/Extension Resources | -11 -10 -10 -9 -8 -7 -7 -7 -6 -6 -6 -5 -5 ----------- Run | Yrd Mat Min Mat Mat Fac Was Fac Fac Low Low Fac Ext Matter Collected 2675 | 253 . 101 545 106 . 80 244 359 800 50 95 42 Remotely 58 | . . . . . . . 58 . . . . . Salvage Created 3096 | 10 . 157 1420 170 . . 173 418 619 . 129 . Parts 212 | 4 . 17 96 9 . . 21 34 28 . 3 . Haulers Intercepted 5 | . . . 3 . . . 1 1 . . . . Recyclers Shooed 1 | . . . 1 . . . . . . . . . Parts Field Recycled . | . . . . . . . . . . . . . Retrieved Matter . | . . . . . . . . . . . . . Parts Self-Destructed 26 | . . . . . . . . . 26 . . . Prevented 3 | . . . . . . . . . 3 . . . Parts Restored . | . . . . . . . . . . . . . Kills | -11 -10 -10 -9 -8 -7 -7 -7 -6 -6 -6 -5 -5 ------- Run | Yrd Mat Min Mat Mat Fac Was Fac Fac Low Low Fac Ext Combat Hostiles Destroyed 67 | . . 8 31 3 . . 2 7 14 . 2 . Melee 1 | . . . . . . . . . . . 1 . Guns 46 | . . 3 22 2 . . 2 7 10 . . . Cannons 8 | . . . 6 . . . . . 2 . . . AOE 9 | . . 5 2 1 . . . . 1 . . . Classes Destroyed 13 | 1 . 2 4 . . . 1 1 4 . . . Worker 5 | . . . 4 . . . . 1 . . . . Builder 3 | . . . . . . . . 3 . . . . Tunneler 5 | 1 . 1 . . . . 2 1 . . . . Hauler 5 | . . . 3 . . . 1 1 . . . . Minesweeper 1 | . . . . . . . . . 1 . . . Watcher 5 | . . . 4 . . . 1 . . . . . Swarmer 28 | . . 6 11 . . . . 4 7 . . . Grunt 20 | . . 2 14 3 . . . . 1 . . . Brawler 2 | . . . . . . . . . 2 . . . Duelist 3 | . . . . . . . . . 2 . 1 . Sentry 7 | . . . 6 . . . . . 1 . . . Hunter 1 | . . . . . . . . . 1 . . . Programmer 6 | . . . . . . . 2 3 . . 1 . Commander 1 | . . . . . . . . . 1 . . . Best Kill Streak 5 | 1 . 4 5 2 . . 2 5 4 . 1 . Combat Bots Only 5 | . . 3 5 2 . . 1 4 4 . 1 . Max Kills in Single Turn 3 | 1 . 3 2 1 . . 1 1 2 . 1 . Gunslinging 1 | . . . . . . . . . 1 . . . Exploded 3 | . . 3 1 1 . . . . 1 . . . Melee 1 | . . . . . . . . . . . 1 . Uniques/NPCs Destroyed . | . . . . . . . . . . . . . Combat | -11 -10 -10 -9 -8 -7 -7 -7 -6 -6 -6 -5 -5 -------- Run | Yrd Mat Min Mat Mat Fac Was Fac Fac Low Low Fac Ext Hostile Shots Fired 560 | . . 12 185 56 1 . 15 109 82 . 34 66 Missed 180 | . . 3 64 23 1 . 4 44 15 . 5 21 Hits 380 | . . 9 121 33 . . 11 65 67 . 29 45 Melee 10 | . . . . . . . . . 10 . . . Projectile 370 | . . 9 121 33 . . 11 65 57 . 29 45 Critical Strikes 10 | . . . 2 1 . . . 1 2 . 3 1 Part Disruptions 1 | . . . . . . . . . 1 . . . Damage Taken 5918 | . . 86 1454 485 . . 322 660 1209 . 622 1080 Core 1767 | . . 7 265 217 . . 28 32 196 . 88 934 Absorbed by Shields 502 | . . . 112 78 . . . 104 208 . . . Regen/Repaired (Parts) 133 | . . . 133 . . . . . . . . . Core Remaining (%) 76 | 100 . 97 33 60 . . 96 . . 73 . . Volleys Fired 231 | 2 4 11 113 13 . . 12 27 43 . 6 . Largest 4 | 2 2 2 2 2 . . 3 4 3 . 2 . Hottest 181 | 40 40 40 113 68 . . 99 132 181 . 140 . Shots Fired 503 | 4 8 17 204 26 . . 36 97 100 . 11 . Gun 383 | 4 8 14 109 26 . . 36 95 80 . 11 . Cannon 106 | . . . 91 . . . . . 15 . . . Launcher 12 | . . 3 4 . . . . . 5 . . . Special 2 | . . . . . . . . 2 . . . . Kinetic 279 | 4 8 14 50 13 . . 36 95 59 . . . Thermal 120 | . . . 91 . . . . 2 21 . 6 . Explosive 12 | . . 3 4 . . . . . 5 . . . Electromagnetic 92 | . . . 59 13 . . . . 15 . 5 . Robot Hit Streak 16 | 2 3 6 12 16 . . 5 4 7 . 10 . Robot Miss Streak 9 | 1 7 9 8 5 . . 5 6 6 . 1 . Penetration Max . | . . . . . . . . . . . . . Secondary Targets 5 | . . . . . . . . 3 2 . . . Max Gunslinging Chain 1 | . . . . . . . . 1 1 . . . Shots Hit Robots 265 | 2 1 11 115 18 . . 16 28 56 . 18 . Core Hits 146 | 1 . 9 63 11 . . 9 18 31 . 4 . Critical Kills 3 | . . . 1 . . . . . 2 . . . Critical Parts Destroyed 1 | . . . . . . . . 1 . . . . Critical Strikes 7 | . . . 1 . . . . 1 4 . 1 . Burn 2 | . . . . . . . . . 2 . . . Meltdown 1 | . . . 1 . . . . . . . . . Destroy 3 | . . . . . . . . 1 2 . . . Corrupt 1 | . . . . . . . . . . . 1 . Melee Attacks 13 | . . . . . . . . . . . 13 . Impact . | . . . . . . . . . . . . . Slashing 13 | . . . . . . . . . . . 13 . Piercing . | . . . . . . . . . . . . . Sneak Attacks . | . . . . . . . . . . . . . Combat Hostiles . | . . . . . . . . . . . . . Follow-up Attacks . | . . . . . . . . . . . . . Damage Inflicted 6021 | 19 15 446 2162 389 . . 406 698 1594 . 285 7 Guns 3709 | 19 15 123 1118 292 . . 406 695 854 . 187 . Cannons 1199 | . . . 887 . . . . . 312 . . . Explosions 974 | . . 323 148 75 . . . . 428 . . . Melee 79 | . . . . . . . . . . . 79 . Ramming 60 | . . . 9 22 . . . 3 . . 19 7 Kinetic 2291 | 19 15 123 405 91 . . 406 695 537 . . . Thermal 1530 | . . 57 932 75 . . . . 317 . 149 . Explosive 623 | . . 266 103 . . . . . 254 . . . Electromagnetic 1438 | . . . 713 201 . . . . 486 . 38 . Impact . | . . . . . . . . . . . . . Slashing 79 | . . . . . . . . . . . 79 . Piercing . | . . . . . . . . . . . . . Highest Corruption 9 | . . . . . . . . 2 6 6 9 9 Average Corruption 3 | . . . . . . . . 1 3 6 1 9 Corruption Purged . | . . . . . . . . . . . . . Corruption Blocked . | . . . . . . . . . . . . . Effects 89 | . . . . . . . . 21 52 3 3 10 Message Errors 20 | . . . . . . . . 1 16 1 1 1 Matter Fused 18 | . . . . . . . . 6 10 1 . 1 Heat Flow Errors 20 | . . . . . . . . 6 8 1 2 3 Energy Discharges 11 | . . . . . . . . 4 6 . . 1 Parts Rejected 1 | . . . . . . . . . 1 . . . Parts Fused 1 | . . . . . . . . . 1 . . . Data Loss (minor) 10 | . . . . . . . . 1 5 . . 4 Data Loss (major) 2 | . . . . . . . . 1 1 . . . Misfires 3 | . . . . . . . . 1 2 . . . Alerts 3 | . . . . . . . . 1 2 . . . Overload Shots . | . . . . . . . . . . . . . Overflow Damage 122 | . . 17 89 . . . . . 14 . 2 . Projectiles 1 | . . . 1 . . . . . . . . . Explosions 119 | . . 17 88 . . . . . 14 . . . Melee 2 | . . . . . . . . . . . 2 . Knockbacks 1 | . . . . . . . . . . . 1 . Impact 1 | . . . . . . . . . . . 1 . Kinetic . | . . . . . . . . . . . . . Secondary . | . . . . . . . . . . . . . Self-Inflicted Damage 281 | . . 14 193 4 . . . . 58 . 9 3 Shots 6 | . . 1 3 . . . . . 2 . . . Rammed 8 | . . . . 1 . . . . . . 5 2 Targets Rammed 20 | . . . 5 7 . . . 1 . . 5 2 Kicked 12 | . . . 5 6 . . . 1 . . . . Crushed . | . . . . . . . . . . . . . Highest Temperature 592 | . . 8 417 19 . . 78 498 592 159 244 244 Average Temperature 98 | . . 6 82 5 . . 32 114 134 82 97 107 Received Heat Transfer 1019 | . . . 388 228 . . 9 18 106 . . 270 Effects 30 | . . . 1 . . . . 3 23 . 3 . Shutdowns 10 | . . . 1 . . . . 2 7 . . . Energy Bleed 4 | . . . . . . . . . 4 . . . Interference 6 | . . . . . . . . . 3 . 3 . Matter Decay 1 | . . . . . . . . . 1 . . . Short Circuit 3 | . . . . . . . . . 3 . . . Damage (minor) 1 | . . . . . . . . 1 . . . . Damage (major) 4 | . . . . . . . . . 4 . . . Damage (core) 1 | . . . . . . . . . 1 . . . Siege Activations . | . . . . . . . . . . . . . Martial Activations . | . . . . . . . . . . . . . Shielding Activations . | . . . . . . . . . . . . . Robots Disrupted . | . . . . . . . . . . . . . Combat Hostiles . | . . . . . . . . . . . . . Robots Corrupted 2 | . . . . . . . . . 2 . . . Combat Hostiles 1 | . . . . . . . . . 1 . . . Parts Fried 7 | . . . . . . . . . 4 . 3 . Impact Corruptions . | . . . . . . . . . . . . . Robots Melted 1 | . . . 1 . . . . . . . . . Combat Hostiles 1 | . . . 1 . . . . . . . . . Parts Melted 5 | . . . 4 . . . . . . . 1 . Heat Transferred 2766 | . . 50 1641 150 . . . . 703 . 222 . Parts Sabotaged . | . . . . . . . . . . . . . Parts Stolen 2 | . . . . . . . . . 2 . . . Parts Stripped . | . . . . . . . . . . . . . Power Chain Reactions 3 | . . . 2 1 . . . . . . . . Alert | -11 -10 -10 -9 -8 -7 -7 -7 -6 -6 -6 -5 -5 ------- Run | Yrd Mat Min Mat Mat Fac Was Fac Fac Low Low Fac Ext Maximum Alert Level 2 | . . . 2 2 1 . . . . . . . Low Security (%) 88 | 100 100 100 74 . 68 100 100 100 . . 100 100 Level 1 6 | . . . 12 54 31 . . . . . . . Level 2 4 | . . . 12 45 . . . . . . . . Level 3 . | . . . . . . . . . . . . . Level 4 . | . . . . . . . . . . . . . Level 5 . | . . . . . . . . . . . . . High Security . | . . . . . . . . . . . . . Max Security . | . . . . . . . . . . . . . Peak Influence 680 | 5 15 80 680 532 237 18 31 111 . . 35 50 Initial 284 | . . 5 9 284 237 18 . 4 . . . . Average 66 | . . 23 137 376 155 . 2 27 . . 4 6 Influence Increases 2748 | 5 15 231 1123 348 30 . 92 252 425 . 101 126 Destroy 0b10 Robot/C 1400 | . . 160 620 60 . . 40 140 280 . 60 40 Destroy 0b10 Robot/NC 120 | 5 . 5 55 . . . 20 30 5 . . . Destroy Leader 300 | . . 30 164 10 . . 24 42 20 . 10 . Allied During Kill 6 | . . . . . . . . . . . 2 4 Successful Hack 55 | . . . 29 . . . 5 . . . 14 7 Disable Machine 105 | . . 15 75 . . . . 15 . . . . Destroy Structure 117 | . . 21 75 8 . . 3 10 . . . . Partial Spotted 30 | . . . 15 15 . . . . . . . . Lose Combat Pursuer 615 | . 15 . 90 255 30 . . 15 120 . 15 75 Influence Decreases 2712 | 5 . 220 474 501 499 53 81 215 384 89 101 90 Entered New Map 781 | . . 10 17 391 285 35 . 7 19 17 . . Time Decay 1705 | 5 . 210 397 110 214 18 76 167 285 72 101 50 Lost Part 181 | . . . 60 . . . . 41 80 . . . Lost Ally 45 | . . . . . . . 5 . . . . 40 Squads Dispatched 22 | . 2 . 4 1 1 . 4 6 . . 1 3 Investigation 5 | . 1 . 1 . . . 2 . . . . 1 Extermination 8 | . . . . . 1 . 2 4 . . 1 . Reinforcement 9 | . 1 . 3 1 . . . 2 . . . 2 Assault . | . . . . . . . . . . . . . Garrison . | . . . . . . . . . . . . . Intercept . | . . . . . . . . . . . . . Searches Triggered . | . . . . . . . . . . . . . Construction Impeded 2 | . . . 1 . . . . 1 . . . . Haulers Reinforced 1 | . . . . . . . . 1 . . . . Active Scanning Responses . | . . . . . . . . . . . . . Cargo Convoy Interrupts . | . . . . . . . . . . . . . Stealth | -11 -10 -10 -9 -8 -7 -7 -7 -6 -6 -6 -5 -5 --------- Run | Yrd Mat Min Mat Mat Fac Was Fac Fac Low Low Fac Ext Distress Signals 13 | . . . 5 4 . . . . . . . 4 Communications Jammed . | . . . . . . . . . . . . . Distress Signals . | . . . . . . . . . . . . . Times Spotted 169 | . 5 8 59 24 6 . 5 11 26 1 5 19 Peak Tracking Total 9 | . 1 3 7 9 4 . 2 4 9 1 2 5 Tactical Retreats 19 | . 1 . 5 4 1 . . 1 4 . 1 2 Traps | -11 -10 -10 -9 -8 -7 -7 -7 -6 -6 -6 -5 -5 ------- Run | Yrd Mat Min Mat Mat Fac Was Fac Fac Low Low Fac Ext Traps Triggered 8 | . 1 . 2 . 1 . 2 . 2 . . . Indirectly 1 | . . . . . . . . . 1 . . . Trap Hack Attempts . | . . . . . . . . . . . . . Triggered . | . . . . . . . . . . . . . Disarmed . | . . . . . . . . . . . . . Reprogrammed . | . . . . . . . . . . . . . Reused . | . . . . . . . . . . . . . Traps Extracted . | . . . . . . . . . . . . . Installed 2 | . . . . . . . . . 2 . . . Triggered . | . . . . . . . . . . . . . Most Traps Carried 2 | . . . . . . . . . 2 1 1 1 Machines | -11 -10 -10 -9 -8 -7 -7 -7 -6 -6 -6 -5 -5 ---------- Run | Yrd Mat Min Mat Mat Fac Was Fac Fac Low Low Fac Ext Machines Disabled 9 | . . 1 5 . . . . 1 2 . . . Max in Single Turn 2 | . . 1 2 . . . . 1 2 . . . Machines Repaired . | . . . . . . . . . . . . . Machines Dismantled . | . . . . . . . . . . . . . Machines Sabotaged . | . . . . . . . . . . . . . Overloaded Fab Kills . | . . . . . . . . . . . . . Hacking | -11 -10 -10 -9 -8 -7 -7 -7 -6 -6 -6 -5 -5 --------- Run | Yrd Mat Min Mat Mat Fac Was Fac Fac Low Low Fac Ext Machines Accessed 28 | . 2 1 9 1 . . 4 4 4 . 1 2 Terminals 11 | . 1 . 5 1 . . 1 . . . 1 2 Fabricators 1 | . . . . . . . 1 . . . . . Repair Stations 3 | . . . 1 . . . 1 1 . . . . Recycling Units 3 | . 1 . 1 . . . . 1 . . . . Scanalyzers 3 | . . . 2 . . . 1 . . . . . Garrison Access 2 | . . . . . . . . 2 . . . . Total Hacks 62 | . 4 1 24 1 . . 6 7 10 . 1 8 Successful 36 | . 4 1 14 . . . 4 1 10 . 1 1 Failed 25 | . . . 9 1 . . 2 6 . . . 7 Catastrophic 4 | . . . . 1 . . . 2 . . . 1 Database Lockouts 1 | . . . 1 . . . . . . . . . Manual . | . . . . . . . . . . . . . Terminals 19 | . 2 . 6 1 . . 1 . . . 1 8 Fabricators 2 | . . . . . . . 2 . . . . . Repair Stations 12 | . . . 8 . . . 2 2 . . . . Recycling Units 7 | . 2 . 2 . . . . 3 . . . . Scanalyzers 9 | . . . 8 . . . 1 . . . . . Garrison Access 2 | . . . . . . . . 2 . . . . Terminal Hacks 19 | . 2 1 4 . . . . . 10 . 1 1 Record 7 | . . . . . . . . . 7 . . . Open Door 5 | . . 1 . . . . . . 3 . . 1 Repair Station Index 1 | . . . 1 . . . . . . . . . Scanalyzer Index 1 | . 1 . . . . . . . . . . . Alert Level 1 | . 1 . . . . . . . . . . . Zone Layout 4 | . . . 3 . . . . . . . 1 . Fabricator Hacks 2 | . . . . . . . 2 . . . . . Load Schematic 1 | . . . . . . . 1 . . . . . Build 1 | . . . . . . . 1 . . . . . Repair Station Hacks 10 | . . . 7 . . . 2 1 . . . . Scan Component 6 | . . . 4 . . . 1 1 . . . . Repair 4 | . . . 3 . . . 1 . . . . . Recycling Unit Hacks 2 | . 2 . . . . . . . . . . . Report Inventory 1 | . 1 . . . . . . . . . . . Retrieve Components 1 | . 1 . . . . . . . . . . . Scanalyzer 3 | . . . 3 . . . . . . . . . Insert Component 1 | . . . 1 . . . . . . . . . Analyze 1 | . . . 1 . . . . . . . . . Retrieve Study 1 | . . . 1 . . . . . . . . . Garrison Access Hacks . | . . . . . . . . . . . . . Unauthorized Hacks . | . . . . . . . . . . . . . Terminals . | . . . . . . . . . . . . . Fabricators . | . . . . . . . . . . . . . Repair Stations . | . . . . . . . . . . . . . Recycling Units . | . . . . . . . . . . . . . Scanalyzers . | . . . . . . . . . . . . . Garrison Access . | . . . . . . . . . . . . . Data Cores Recovered . | . . . . . . . . . . . . . Used . | . . . . . . . . . . . . . Hacking Detections 17 | . 1 . 6 1 . . 3 4 . . 1 1 Full Trace Events 3 | . . . 1 . . . 1 . . . . 1 Feedback Events . | . . . . . . . . . . . . . Feedback Blocked . | . . . . . . . . . . . . . Robot Schematics Acquired . | . . . . . . . . . . . . . Robots Built . | . . . . . . . . . . . . . Authchips . | . . . . . . . . . . . . . Time . | . . . . . . . . . . . . . Total Robot Build Rating . | . . . . . . . . . . . . . Part Schematics Acquired 1 | . . . 1 . . . . . . . . . Parts Built 2 | . . . . . . . 2 . . . . . Authchips . | . . . . . . . . . . . . . Time 51 | . . . . . . . 51 . . . . . Total Part Build Rating 2 | . . . . . . . 2 . . . . . Part Studies Acquired 1 | . . . 1 . . . . . . . . . Parts Repaired 3 | . . . 3 . . . . . . . . . Time 140 | . . . 78 . . . 62 . . . . . Parts Recycled . | . . . . . . . . . . . . . Recycled Matter . | . . . . . . . . . . . . . Retrieved Matter . | . . . . . . . . . . . . . Retrieved Components 1 | . 1 . . . . . . . . . . . Parts Scanalyzed 1 | . . . 1 . . . . . . . . . Part Schematics Acquired 1 | . . . 1 . . . . . . . . . Parts Damaged . | . . . . . . . . . . . . . Bothacking | -11 -10 -10 -9 -8 -7 -7 -7 -6 -6 -6 -5 -5 ------------ Run | Yrd Mat Min Mat Mat Fac Was Fac Fac Low Low Fac Ext Used RIF Installer . | . . . . . . . . . . . . . Robots Hacked . | . . . . . . . . . . . . . Non-combat . | . . . . . . . . . . . . . Combat . | . . . . . . . . . . . . . Robot Hacks Applied . | . . . . . . . . . . . . . Relay Couplers Released . | . . . . . . . . . . . . . Fabnet Peak Effective % . | . . . . . . . . . . . . . Robots Rewired 2 | . . . . . . . . . 2 . . . Allies Hacked 1 | . . . . . . . . . . . 1 . Hacks Repelled . | . . . . . . . . . . . . . Allies | -11 -10 -10 -9 -8 -7 -7 -7 -6 -6 -6 -5 -5 -------- Run | Yrd Mat Min Mat Mat Fac Was Fac Fac Low Low Fac Ext Total Allies 5 | . . . . . . 1 . . 2 . . 2 Largest Group 2 | . . . . . . 1 1 . 2 2 2 2 Highest-Rated Group 62 | . . . . . . 31 31 . 62 58 58 56 Highest-Rated Ally 32 | . . . . . . 31 31 . 32 30 30 31 Total Orders . | . . . . . . . . . . . . . Ally Attacks 30 | . . . . . . 9 4 . . 2 4 11 Total Damage 504 | . . . . . . 104 21 . . 45 88 246 Kills 5 | . . . . . . 1 . . . 1 1 2 Allies Corrupted 1 | . . . . . . . 1 . . . . . Allies Melted . | . . . . . . . . . . . . . Intel | -11 -10 -10 -9 -8 -7 -7 -7 -6 -6 -6 -5 -5 ------- Run | Yrd Mat Min Mat Mat Fac Was Fac Fac Low Low Fac Ext Active Infowar (turns) 8803 | 55 378 1002 1954 . . . 1233 2428 978 186 589 . Sensors 2330 | . . . . . . . . 2330 . . . . Terrain 4757 | . . . . . . . 1233 1771 978 186 589 . Seismic 3610 | 55 378 1002 1954 . . . 195 26 . . . . Robot Analysis Total . | . . . . . . . . . . . . . Derelict Logs Recovered 3 | . . 1 . . . . . . 2 . . . Drone Launches . | . . . . . . . . . . . . . Drone Recoveries . | . . . . . . . . . . . . . Exploration | -11 -10 -10 -9 -8 -7 -7 -7 -6 -6 -6 -5 -5 ------------- Run | Yrd Mat Min Mat Mat Fac Was Fac Fac Low Low Fac Ext Turns Passed 14703 | 117 378 1002 3580 236 447 700 1412 2608 3091 186 652 294 Spaces Moved 9426 | 85 301 754 1701 278 195 521 729 1419 2462 155 430 396 Core 992 | 3 . . 1 247 195 246 . . 9 . 6 285 Treads . | . . . . . . . . . . . . . Legs 7857 | 82 301 754 1700 31 . 275 729 1336 2297 155 187 10 Wheels 239 | . . . . . . . . 83 156 . . . Hover 12 | . . . . . . . . . . . 12 . Flight 326 | . . . . . . . . . . . 225 101 Fastest Speed 35 | 50 120 120 105 50 50 50 105 82 50 115 35 50 Average Speed 125 | 117 120 120 162 61 50 127 130 145 111 115 129 72 Slowest Speed 700 | 120 120 120 200 105 50 175 175 180 700 115 700 210 Overloaded Moves . | . . . . . . . . . . . . . Propulsion Burnouts . | . . . . . . . . . . . . . Robots Hopped . | . . . . . . . . . . . . . Potential Cave-ins . | . . . . . . . . . . . . . Cave-ins Triggered . | . . . . . . . . . . . . . Exploration Rate (%) 39 | 6 34 87 74 26 6 95 8 17 95 11 5 49 Regions Visited 12 Branch Regions 4 Pre-discovered Areas 1 | . . . . . . . . . 1 . . . Known Exits Taken 4 | . . . . . . . . 1 1 1 1 . Unknown Exits Taken 6 | 1 1 1 1 1 . . 1 . . . . . Scrap Searched 4 | . . 1 . . . . . . 2 1 . . Spaces Dug . | . . . . . . . . . . . . . Terrain Destroyed 208 | . . 24 91 7 . . . 4 82 . . . Melee . | . . . . . . . . . . . . . Projectile 4 | . . . . . . . . 4 . . . . AOE 204 | . . 24 91 7 . . . . 82 . . . Terrain Rammed . | . . . . . . . . . . . . . Walls Destroyed . | . . . . . . . . . . . . . Machines Disabled . | . . . . . . . . . . . . . Actions | -11 -10 -10 -9 -8 -7 -7 -7 -6 -6 -6 -5 -5 --------- Run | Yrd Mat Min Mat Mat Fac Was Fac Fac Low Low Fac Ext Total 11827 | 94 310 836 2314 314 545 555 1163 1891 2735 163 503 404 Wait 1841 | . . 65 421 9 348 . 401 399 166 . 32 . Move 9415 | 84 300 753 1700 277 195 520 728 1418 2461 154 429 396 Hop . | . . . . . . . . . . . . . Pick Up 52 | . 6 2 16 . 1 8 6 4 7 . 1 1 Fast Attach 82 | 7 . . 14 1 . 9 7 12 19 3 8 2 Attach 26 | . . . 7 2 . 5 1 4 5 . . 2 Detach 2 | . . . 1 . . . . 1 . . . . Swap 35 | 1 . 2 15 4 . . 1 7 2 1 2 . Drop 83 | . . 3 22 1 1 8 7 18 10 5 7 1 Fire 231 | 2 4 11 113 13 . . 12 27 43 . 6 . Melee 13 | . . . . . . . . . . . 13 . Ram 8 | . . . . 1 . . . . . . 5 2 Kick 12 | . . . 5 6 . . . 1 . . . . Crush . | . . . . . . . . . . . . . Escape Stasis . | . . . . . . . . . . . . . Rewire 25 | . . . . . . 5 . . 20 . . . Trap 2 | . . . . . . . . . 2 . . . Miscellaneous . | . . . . . . . . . . . . . Route ------- -11/Scrapyard -10/Materials -10/Mines -9/Materials -8/Materials (discovered 2 exits: [*Fac] / Sto) -7/Factory -7/Waste -7/Factory -6/Factory (discovered 2 exits: *Low x2) -6/Lower Caves -6/Lower Caves -5/Factory -5/Extension History --------- Turn | Location | Event 2 | -11/Scrapyard | Met Revision 17 7 | -11/Scrapyard | Discovered new exit (range 16) 118 | -11/Scrapyard | Entered Materials 309 | -10/Materials | Build established: Mutant 350 | -10/Materials | Discovered new exit (range 16) 496 | -10/Materials | Entered Mines 545 | -10/Mines | Received a Rocket Launcher from a helpful Derelict 692 | -10/Mines | Found the Drone Emporium 698 | -10/Mines | Found Prototype Device 1082 | -10/Mines | Discovered new exit (range 8) 1498 | -10/Mines | Entered Materials 1498 | -9/Materials | Evolved 2 slots: Utility x2 1501 | -9/Materials | Identified Decoy Drone Bay 1898 | -9/Materials | Repaired Aluminum Leg 2452 | -9/Materials | Repaired Aluminum Leg 2479 | -9/Materials | Repaired Aluminum Leg? 3534 | -9/Materials | Central database locked down 4639 | -9/Materials | Core integrity fell below 50% 4897 | -9/Materials | Discovered new exit (range 13) 5078 | -9/Materials | Entered another Materials area 5078 | -8/Materials | Evolved 2 slots: Propulsion x1, Utility x1 5079 | -8/Materials | Identified exit to Storage 5173 | -8/Materials | Released all parts (11) 5302 | -8/Materials | Discovered new exit (range 16) 5314 | -8/Materials | Entered Factory 5314 | -7/Factory | Evolved 2 slots: Propulsion x1, Weapon x1 5761 | -7/Factory | Sucked down chute 5761 | -7/Factory | Entered Waste 5761 | -7/Waste | The area was eerily silent 5762 | -7/Waste | Met a frightened Derelict 5781 | -7/Waste | Found Damper Plating 5981 | -7/Waste | A Compactor rumbled back to life 5982 | -7/Waste | Spotted C-40 Crusher 5997 | -7/Waste | Discovered new exit (range 14) 6460 | -7/Waste | Build established: Tank 6461 | -7/Waste | Entered Factory 6461 | -7/Factory | Accompanied by 1 ally 6773 | -7/Factory | Fabricated Aluminum Leg? 7281 | -7/Factory | Build established: Scavenger-Skirmisher 7830 | -7/Factory | Discovered new exit (range 9) 7873 | -7/Factory | Entered another Factory area 7873 | -6/Factory | Evolved 2 slots: Power x1, Weapon x1 9271 | -6/Factory | Discovered new exit (range 6) 9279 | -6/Factory | Identified exit to Lower Caves 9866 | -6/Factory | Build established: Derelict-Skirmisher 10442 | -6/Factory | Discovered exit to Lower Caves (range 7) 10481 | -6/Factory | Entered Lower Caves 10753 | -6/Lower Caves | Build established: Tank 10856 | -6/Lower Caves | Entered an active Warlord outpost 11350 | -6/Lower Caves | Learned Factory trap positions 11350 | -6/Lower Caves | Learned Factory security intel 11350 | -6/Lower Caves | Learned Extension security intel 11350 | -6/Lower Caves | Learned Research terminal intel 11350 | -6/Lower Caves | Learned Extension terminal intel 11378 | -6/Lower Caves | Destroyed 1S-L2O(g) 11409 | -6/Lower Caves | Lost 3 allies 11644 | -6/Lower Caves | Encountered a Warlord checkpoint 11859 | -6/Lower Caves | Identified exit to Lower Caves 12221 | -6/Lower Caves | Attracted the attention of an 0b10 outpost 12394 | -6/Lower Caves | Lost 3 parts (2u1w) 12572 | -6/Lower Caves | Lost 3 parts (2p1w) 12830 | -6/Lower Caves | Build established: Derelict-Mutant 13383 | -6/Lower Caves | Learned location of Zion (-6) 13428 | -6/Lower Caves | Found Prototype Device 13554 | -6/Lower Caves | Build established: Derelict-Skirmisher 13572 | -6/Lower Caves | Entered another Lower Caves area 13572 | -6/Lower Caves | Accompanied by 2 allies 13678 | -6/Lower Caves | Discovered new exit (range 20) 13750 | -6/Lower Caves | Identified exit to Factory 13758 | -6/Lower Caves | Entered Factory 13758 | -5/Factory | Accompanied by 2 allies 13758 | -5/Factory | Evolved 2 slots: Utility x2 13759 | -5/Factory | Loaded intel: 107 trap records 13883 | -5/Factory | Build established: Derelict-Gladiator 14226 | -5/Factory | Discovered new exit (range 8) 14409 | -5/Factory | Identified exit to Extension 14410 | -5/Factory | Entered Extension 14412 | -5/Extension | Loaded intel: 14 terminal locations 14412 | -5/Extension | Identified Heart of Steel 14440 | -5/Extension | Lost 7 parts (1p1n2u3w) 14536 | -5/Extension | Spotted B-75 Beast 14541 | -5/Extension | Released all parts (9) 14603 | -5/Extension | Rescued a captive Derelict 14604 | -5/Extension | Rescued a captive Derelict 14650 | -5/Extension | Released all parts (2) 14663 | -5/Extension | Core integrity fell below 50% 14695 | -5/Extension | Build established: Mutant 14696 | -5/Extension | Spotted B-75 Beast 14700 | -5/Extension | Core integrity fell below 20% 14704 | -5/Extension | Destroyed by B-75 Beast with Heavy Plasma Cannon Last Messages --------------- 14637_ XG5XLNV#ZNJJ32HDZP|TA6X4ZA PCFJI33 G 14638_ Acquired 10 matter. 14645_ 2E-12D(g) suffers critical hit (Burn). 14645_ 2E-12D(g) destroyed. 14650_ Released Carbon-fiber Leg. 14650_ Released Lgt. Angular Momentum Engine. 14672_ O-16 Technician: "IFF HANDSHAKE FAILED. SECURING TERMINAL." 14676_ ALERT: Hostiles spotted, dispatching reinforcements to Terminal E003. 14693_ Slammed into U-05 Engineer. 14694_ Knocked back. 14694_ U-05 Engineer sends out distress signal. 14694_ Slammed into U-05 Engineer. 14697_ Knocked back. 14698_ U-05 Engineer destroyed. 14699_ Slug penetrates R-10 Processor. 14699_ U-05 Engineer builds a Wall. 14700_ Machine disabled. 14701_ R-10 Processor collects Wheel. 14702_ System corrupted: Component data lost. Map ----- +----------------------------------------------------+ | ?????# #???????????????????????????????????? | | ?????# "" #???????????????????????????????????? | | ???### "T #???????????????????????????????????? | | ???+ "" #?????????????????????T?????????????? | | ???# #???????????????????????????????????? | | ???# #???????????????????????????????????? | | ???+ #???????????????????????????????????? | | ???# #???????????????????????????????????? | | ???# #???????????????????????????????????? | | ???# #???????????????????????????????????? | | ???# #????????? ?????????????????????????? | | ???# #????????? ?????????????????????????? | | ???# #????????? #????????????????????????? | | ???######### #????????# /????????????????????????? | | ???????????# #????????# #????????????????????????? | | ???????????# #????????# #????????????????????????? | | ???????????# #????????# #????????????????????????? | | ???????????#%#????????# #????????????????????????? | | ???????????#%#?######## #????????????????????????? | | ?????????###%### ## ;## ###??????????????????????? | | ?????????#"" "" Y " ""#??????????????????????? | | ????????## " " " #??????????????????????? | | ????????## u Y #??????????????????????? | | ????????##*RR R #??????????????????????? | | ########?#% w ########???????????????? | | |% @ ????????? | | % ????????? | | ????????? | | BB ?????????? | | BB BB kkkgR ?????????? | | ########## BB #############??????????? | | ?????????# #??????????????????????? | | ?????????# #??????????????????????? | | ?????????# #??????????????????????? | | ?????????# #??????????????????????? | | ?????????######T#"""#######??????????????????????? | | ??????????????##?????????????????????????????????? | | ?????????????????????????????????????????????????? | | | | | | | | | | | | | | | | | | | | | | | | | +----------------------------------------------------+ Best States ------------- Heat Dissipation 40 Energy Generation 29 Energy Capacity 490 Matter Stores 300 Matter Capacity 300 Sight Range 16 Robot Scan Range 16 Terrain Scan Range 20 Terrain Scan Density 610 Additional Mass Support 12 Armor Coverage 750 Weapon Cycling 20 Melee Speed Boost 40 Evasion (%) 63 Energy Filtering 30 Item Schematics ----------------- Aluminum Leg | -9/Materials | Scanalyzed Robot Schematics ------------------ None Fabricated ------------ Aluminum Leg | x2 | -7/Factory Repaired ---------- Aluminum Leg | 68% | -9/Materials Aluminum Leg | 52% | -9/Materials Aluminum Leg | 31% | -9/Materials Studied --------- Aluminum Leg | -9/Materials | Hacked Alien Tech Used ----------------- None Achievements -------------- You Again Challenges ------------ None Game ------ Seed TerrainEfficiencyMatrix Manual? 0 Play Time 02:17:05 Cumulative 22.4 hours Start 2025.10.24 @ 17:28:30 End 2025.10.26 @ 13:29:52 Sessions 3 Manual Loads 0 Difficulty Rogue Special Mode None Game No. 31 Rogue 20 Adventurer 10 Explorer 1 Win Type - Total 0 Types 0/0/0/0/0/0/0/0/0/0 Lore% 13 Gallery% 21 Achievement% 13 Wizard Run 0 Options --------- Layout 0 ASCII 0 Keyboard 0 Movement Arrows Keybinds 0 Fullscreen 2 Font 18/SmallcapsGlow Map View 76x50 Zoom Use 0% Tactical HUD 1 Map Filters NONE Filters NONE Steam X RUN: 7742da06-471a-4938-8301-62d9a16f989c